 Dungeon Crawl Stone Soup version 0.29-a0-911-g88e6f02907 (webtiles) character file.

Game seed: 5361290206800717024

19358 Dordric the Markskobold (level 13, -2/64 HPs)
             Began as a Kobold Hunter on July 19, 2022.
             Was a High Priest of Hepliaklqana.
             Shot with an arrow by a deep elf archer (26 damage)
             ... on level 12 of the Dungeon on July 25, 2022.
             The game lasted 00:16:40 (12907 turns).

Dordric the Markskobold (Kobold Hunter)            Turns: 12907, Time: 00:16:41

Health: -2/64      AC: 11    Str:  7    XL:     13   Next: 4%
Magic:  11/11      EV: 33    Int: 10    God:    Hepliaklqana [*****.]
Gold:   667        SH:  0    Dex: 27    Spells: 12/12 levels left

rFire   . . .      SeeInvis .   s - +2 arbalest (freeze)
rCold   . . .      Faith    .   (shield currently unavailable)
rNeg    . . .      Spirit   .   B - +0 steam dragon scales
rPois   .          Reflect  .   (helmet restricted)
rElec   .          Harm     .   M - +0 cloak
rCorr   .          Rampage  .   (no gloves)
Will    .....      Rage     3%  d - +0 pair of boots
Stlth   ++++......              (no amulet)
HPRegen 0.20/turn               p - +4 ring of protection
MPRegen 0.12/turn               (no ring)

@: no status effects
A: reduced essence, small, no large weapons, nightstalker 3, antennae 1, agile
1, berserk 1, low MP 1
a: Renounce Religion, Recall Ancestor, Ancestor Identity, Transference, Idealise


You were on level 12 of the Dungeon.
You worshipped Hepliaklqana.
Hepliaklqana was extremely pleased with you.
You visited 1 branch of the dungeon, and saw 13 of its levels.

You collected 824 gold pieces.
You spent 157 gold pieces at shops.

Inventory:

Hand Weapons
 a - a +0 shortbow
 s - a +2 arbalest of freezing (weapon)
Missiles
 J - 2 throwing nets
Armour
 c - a +0 leather armour
 d - a +0 pair of boots (worn)
 j - a +1 helmet
 B - +0 steam dragon scales (worn)
 M - a +0 cloak (worn)
Jewellery
 p - a +4 ring of protection (left hand)
 x - a ring of ice
 F - a ring of ice
Wands
 u - a wand of acid (12)
 E - a wand of paralysis (7)
 K - a wand of polymorph (2)
 L - a wand of roots (4)
Scrolls
 b - a scroll of immolation
 e - 4 scrolls of fear
 f - 4 scrolls of noise
 g - 3 scrolls of silence
 h - 2 scrolls of poison
 l - 3 scrolls of blinking
 y - a scroll of enchant armour
 G - a scroll of teleportation
 H - a scroll of torment
 I - a scroll of magic mapping
Potions
 k - a potion of resistance
 m - a potion of heal wounds
 n - a potion of attraction
 o - a potion of brilliance
 q - a potion of might
 r - a potion of experience {unknown}
 t - 4 potions of curing
 v - a potion of berserk rage {unknown}
 w - a potion of ambrosia
 z - a potion of magic {unknown}
 A - a potion of flight {unknown}
 C - 2 potions of lignification {unknown}


   Skills:
 + Level 5.1 Fighting
 - Level 18.5 Ranged Weapons
 + Level 17.0 Dodging
 - Level 1.3 Stealth


You had 12 spell levels left.
You didn't know any spells.
Your spell library contained the following spells:

 Spells                   Type           Power      Damage    Failure   Level
 Apportation              Tloc           0%         N/A       36%         1
 Scorch                   Fire           0%         2d5       50%         2
 Static Discharge         Conj/Air       0%         3-3/arc   50%         2
 Call Canine Familiar     Summ           0%         N/A       75%         3
 Portal Projectile        Hex/Tloc       0%         N/A       75%         3
 Summon Guardian Golem    Hex/Summ       0%         N/A       75%         3
 Animate Dead             Necr           0%         N/A       98%         4
 Flame Wave               Conj/Fire      0%         2d4       98%         4
 Leda's Liquefaction      Hex/Erth       0%         N/A       98%         4
 Fireball                 Conj/Fire      0%         3d3       100%        5
 Lightning Bolt           Conj/Air       0%         1d11      100%        5
 Starburst                Conj/Fire      0%         6d3       100%        6
 Summon Cactus Giant      Summ           0%         N/A       100%        6
 Haunt                    Necr/Summ      0%         N/A       100%        7
 Malign Gateway           Summ/Tloc      0%         N/A       100%        7
 Orb of Destruction       Conj           0%         9d5       100%        7
 Spellforged Servitor     Conj/Summ      0%         N/A       100%        7
 Disjunction              Tloc           0%         N/A       100%        8
 Ignition                 Fire           0%         3d3       100%        8
 Maxwell's Capacitive Co  Air            0%         ∞         100%        8
 Summon Horrible Things   Summ           0%         N/A       100%        8


Dungeon Overview and Level Annotations

Branches:
Dungeon (13/15)            Temple (0/1) D:5            Lair (0/5) D:10
    Orc (0/2) D:9
 Vaults: D:13-14

Altars:
Dithmenos
Elyvilon
Fedhas
Gozag
Hepliaklqana
Qazlal
Trog
Uskayaw
Yredelemnul

Shops:
D:2 (   D:7 =*

Annotations:
D:5 3 runed translucent doors, Caestello's ghost, novice DsMo; Wiilli's ghost, novice DrEE
D:13 3 runed translucent doors


Innate Abilities, Weirdness & Mutations

Your life essence is reduced to manifest your ancestor. (-10% HP)
You are small and have problems with some larger weapons.
You are completely attuned to the shadows.
You have a pair of small antennae on your head.
You are agile. (Dex +4, Str/Int -1)
You sometimes lose your temper in combat.
Your magical capacity is low. (-10% MP)


Message History

You shoot a bolt. The bolt hits the deep elf archer.
The bolt freezes the deep elf archer.
The deep elf archer is lightly wounded.
The deep elf archer shoots an arrow.
The arrow hits you!!
* * * LOW HITPOINT WARNING * * *
You are too injured to fight recklessly!
You are too injured to fight recklessly!
You are too injured to fight recklessly!
You are too injured to fight recklessly!
You are too injured to fight recklessly!
You are too injured to fight recklessly!
You are too injured to fight recklessly!
You are too injured to fight recklessly!
You are too injured to fight recklessly!
You are too injured to fight recklessly!
You are too injured to fight recklessly!
You are too injured to fight recklessly!
You are too injured to fight recklessly!
You are too injured to fight recklessly!
You are too injured to fight recklessly!
You are too injured to fight recklessly!
You are too injured to fight recklessly!
You are too injured to fight recklessly!
You are too injured to fight recklessly!
You are too injured to fight recklessly!
You are too injured to fight recklessly!
You are too injured to fight recklessly!
You are too injured to fight recklessly!
You feel much better.
The deep elf archer shoots an arrow.
The arrow barely misses you.
Aiming: Fastroot
Press: ? - help, Shift-Dir - straight line, f/p - deep elf archer
Aim: a deep elf archer, wielding a +0 shortbow, wearing a +0 leather armour and quivering stones (lightly wounded, repelling missiles)
The roots erupt in riotous growth!
Roots grab the deep elf archer.
The grasping roots constrict the deep elf archer.
The deep elf archer shoots an arrow.
The arrow hits you!
The roots lose their grip on something.
The deep elf archer shoots an arrow.
The arrow hits you!!
You die...

######## #....@.# #e###≈.#######
######## #.))[.##.......### ###
.......##...)...#####.#..<# #..
.......##.......# #.#.#.#####..
.......###..†..######.###.....'..
.......'≈### ###≈...#...#######..
.......#R≈8# #8≈≈##R#.#.# #..
.......#≈### ###≈.....#.# #..


You could see a deep elf archer (repels missiles).

Vanquished Creatures
  A tengu reaver (D:12)
  A boulder beetle (D:12)
  2 hydras
  A catoblepas (D:13)
  3 two-headed ogres
  A skeletal warrior (D:12)
  Pikel (D:7)
  A deep elf pyromancer (D:9)
  2 ugly things (D:12)
  A cyclops (D:13)
  A kobold demonologist (D:12)
  2 unseen horrors
  A yaktaur (D:12)
  3 trolls
  A hornet (D:10)
  11 slime creatures
  Sigmund (D:6)
  7 yaks
  A shadow (D:11)
  3 wraiths
  A steam dragon (D:8)
  3 vampire mosquitoes (D:12)
  A water moccasin (D:6)
  An acid dragon (D:12)
  4 orc warriors
  8 black bears
  3 ogres
  A phantom (D:5)
  A lemure (D:7)
  2 bullfrogs
  3 kobold brigands
  A gnoll sergeant (D:10)
  A necrophage (D:6)
  3 scorpions
  7 killer bees
  5 howler monkeys
  6 orc priests
  4 hounds
  2 iguanas (D:5)
  9 orc wizards
  Natasha (D:3)
  12 gnolls
  6 adders
  A shadow imp (D:7)
  A white imp (D:6)
  An ufetubus (D:5)
  A worm (D:2)
  5 dart slugs
  33 orcs
  3 bats
  7 endoplasms
  4 giant cockroaches
  7 goblins
  3 hobgoblins
  2 jackals (D:1)
  12 kobolds
  3 quokkas
  A ball python (D:4)
  3 frilled lizards
  6 rats
  A spectral orc (D:9)
224 creatures vanquished.

Vanquished Creatures (collateral kills)
  Joseph (D:7)
  2 slime creatures (D:12)
  A centaur simulacrum (D:10)
  A wyvern (D:9)
  A steam dragon (D:8)
  Menkaure (D:7)
  A black bear (D:7)
  A boggart (D:13)
  A kobold brigand (D:10)
  A bullfrog (D:6)
  A scorpion (D:6)
  A killer bee (D:9)
  An orc priest (D:8)
  A gnoll bouda (D:4)
  An iguana (D:7)
  3 orc wizards
  Natasha (D:4)
  A gnoll (D:4)
  An adder (D:5)
  6 orcs
  A ball python (D:4)
  A goblin (D:8)
  5 kobolds
35 creatures vanquished.

Vanquished Creatures (others)
  5 knights
  3 ancestors
  9 fungi (D:10)
  3 plants (D:10)
20 creatures vanquished.

Grand Total: 279 creatures vanquished

Notes
Turn   | Place    | Note
-------+----------+-------------------------------------------
     0 | D:1      | Dordric the Kobold Hunter began the quest for the Orb.
     0 | D:1      | Reached XP level 1. HP: 12/12 MP: 1/1
   157 | D:1      | Reached XP level 2. HP: 17/17 MP: 2/2
   179 | D:1      | Reached skill level 6 in Ranged Weapons
   499 | D:1      | Reached XP level 3. HP: 21/21 MP: 3/3
   751 | D:1      | Found a faded altar of an unknown god.
  1259 | D:2      | Found Foramaom's Antique Weapon Shop.
  1734 | D:2      | Reached XP level 4. HP: 26/26 MP: 4/4
  1830 | D:2      | Found a hazy altar of Hepliaklqana.
  1889 | D:2      | Became a worshipper of Hepliaklqana the Forgotten
  2376 | D:3      | Reached skill level 7 in Ranged Weapons
  2461 | D:3      | Found a hide-covered altar of Uskayaw.
  2712 | D:3      | Reached * piety under Hepliaklqana
  2824 | D:4      | Noticed Natasha
  2829 | D:3      | Reached XP level 5. HP: 21/27 MP: 5/5
  3072 | D:4      | Killed Natasha
  3342 | D:4      | Reached XP level 6. HP: 31/31 MP: 6/6
  3343 | D:4      | Noticed Natasha
  3360 | D:3      | Killed Natasha
  3361 | D:3      | Reached skill level 8 in Ranged Weapons
  3600 | D:2      | Bought a runed arbalest for 157 gold pieces
  3601 | D:2      | Upgraded the game from 0.29-a0-876-gfc89b1a5bd to
                  | 0.29-a0-892-g2c4c91d9db
  3698 | D:4      | Reached skill level 5 in Dodging
  4216 | D:4      | Found a white marble altar of Elyvilon.
  4330 | D:4      | Reached XP level 7. HP: 36/36 MP: 7/7
  4600 | D:5      | Entered Level 5 of the Dungeon
  4649 | D:5      | Reached skill level 9 in Ranged Weapons
  4727 | D:5      | Found a runed translucent gate.
  4728 | D:5      | Found a runed translucent gate.
  4729 | D:5      | Found a runed translucent gate.
  4733 | D:5      | Got Bymuovuf's Guidebook on Gloom
  4760 | D:5      | Reached XP level 8. HP: 31/39 MP: 8/8
  4779 | D:5      | Reached skill level 10 in Ranged Weapons
  4967 | D:5      | Reached ** piety under Hepliaklqana
  5127 | D:5      | Found a staircase to the Ecumenical Temple.
  5395 | D:5      | Identified the +6 hand axe of Okawaru's Approval {vamp,
                  | rPois Str+2 Dex+3}
  5525 | D:5      | Remembered your ancestor Tepiltzin as a knight
  5530 | D:5      | Noticed Wiilli's ghost (novice DrEE)
  5531 | D:5      | Noticed Caestello's ghost (novice DsMo)
  5961 | D:6      | Reached skill level 11 in Ranged Weapons
  5963 | D:6      | Reached XP level 9. HP: 43/43 MP: 9/9
  6446 | D:6      | Reached *** piety under Hepliaklqana
  6472 | D:6      | Noticed Sigmund
  6474 | D:6      | Killed Sigmund
  6545 | D:6      | Found a blossoming altar of Fedhas.
  6729 | D:7      | Reached skill level 12 in Ranged Weapons
  6941 | D:7      | Noticed Menkaure
  6945 | D:7      | Killed Menkaure
  6946 | D:7      | Reached skill level 10 in Dodging
  6946 | D:7      | Noticed Pikel
  6949 | D:7      | Killed Pikel
  6950 | D:7      | Noticed Joseph
  6954 | D:7      | HP: 2/43 [Joseph/sling bullet (1)]
  7229 | D:7      | Found Vuestoq's Assorted Antiques.
  7328 | D:7      | Reached skill level 13 in Ranged Weapons
  7427 | D:7      | Reached XP level 10. HP: 46/47 MP: 10/10
  7562 | D:7      | Found an opulent altar of Gozag.
  7574 | D:7      | Found a bloodstained altar of Trog.
  7577 | D:7      | Found a shadowy altar of Dithmenos.
  7690 | D:7      | Found Qihank's One-of-a-Kind Rings.
  7760 | D:7      | Killed Joseph
  8187 | D:8      | Reached skill level 14 in Ranged Weapons
  8187 | D:8      | HP: 2/47 [steam dragon/ball of steam (16)]
  8191 | D:8      | Gained mutation: Your muscles are strong. (Str +4, Int/Dex
                  | -1) [potion of mutation]
  8191 | D:8      | Gained mutation: You are frail. (-10% HP) [potion of
                  | mutation]
  8191 | D:8      | Gained mutation: Your skin changes colour to match your
                  | surroundings (Stealth+). [potion of mutation]
  8522 | D:8      | Noticed a two-headed ogre
  8525 | D:8      | Killed a two-headed ogre
  8529 | D:8      | Got Qotsipp's Encyclopedia of the Map
  8651 | D:8      | Reached **** piety under Hepliaklqana
  8799 | D:9      | Reached skill level 15 in Ranged Weapons
  8874 | D:9      | Reached XP level 11. HP: 45/45 MP: 11/11
  8884 | D:9      | Noticed a deep elf pyromancer
  8886 | D:9      | Killed a deep elf pyromancer
  9212 | D:9      | Found a basalt altar of Yredelemnul.
  9482 | D:9      | Found a staircase to the Orcish Mines.
  9859 | D:10     | Entered Level 10 of the Dungeon
 10068 | D:10     | Reached skill level 16 in Ranged Weapons
 10074 | D:10     | Lost mutation: Your skin changes colour to match your
                  | surroundings (Stealth+). [potion of mutation]
 10074 | D:10     | Lost mutation: You are frail. (-10% HP) [potion of
                  | mutation]
 10074 | D:10     | Lost mutation: Your muscles are strong. (Str +4, Int/Dex
                  | -1) [potion of mutation]
 10074 | D:10     | Gained mutation: You are agile. (Dex +4, Str/Int -1)
                  | [potion of mutation]
 10074 | D:10     | Gained mutation: Your magical capacity is low. (-10% MP)
                  | [potion of mutation]
 10074 | D:10     | Gained mutation: You sometimes lose your temper in combat.
                  | [potion of mutation]
 10074 | D:10     | Gained mutation: You have a pair of small antennae on your
                  | head. [potion of mutation]
 10255 | D:10     | Found a stormy altar of Qazlal.
 10569 | D:10     | Found a staircase to the Lair.
 10740 | D:11     | Noticed a two-headed ogre
 10744 | D:11     | Killed a two-headed ogre
 10779 | D:11     | Reached ***** piety under Hepliaklqana
 10919 | D:11     | Noticed a four-headed hydra
 10922 | D:11     | Killed a four-headed hydra
 10923 | D:11     | Reached skill level 17 in Ranged Weapons
 10928 | D:11     | Noticed a two-headed ogre
 10931 | D:11     | Killed a two-headed ogre
 10932 | D:11     | Reached skill level 15 in Dodging
 10937 | D:11     | You fall into a shaft and drop 1 floor!
 10996 | D:12     | Reached XP level 12. HP: 49/55 MP: 10/10
 11965 | D:12     | Reached skill level 18 in Ranged Weapons
 12047 | D:12     | Found a runed translucent door.
 12050 | D:12     | Noticed a skeletal warrior
 12051 | D:12     | Noticed a boulder beetle
 12434 | D:13     | Found a runed translucent gate.
 12434 | D:13     | Found a runed translucent gate.
 12435 | D:13     | Found a runed translucent gate.
 12471 | D:13     | Noticed a catoblepas
 12474 | D:13     | Killed a catoblepas
 12528 | D:13     | Noticed a six-headed hydra
 12531 | D:13     | Killed a six-headed hydra
 12602 | D:13     | Noticed a centaur warrior
 12605 | D:13     | Noticed a seven-headed hydra
 12803 | D:12     | Upgraded the game from 0.29-a0-892-g2c4c91d9db to
                  | 0.29-a0-911-g88e6f02907
 12849 | D:12     | Killed a skeletal warrior
 12872 | D:12     | Noticed a tengu reaver
 12880 | D:12     | Killed a tengu reaver
 12896 | D:12     | Killed a boulder beetle
 12897 | D:12     | Reached skill level 5 in Fighting
 12897 | D:12     | Reached XP level 13. HP: 35/64 MP: 11/11
 12907 | D:12     | Shot with an arrow by a deep elf archer

Illustrated notes

Levels and vault maps discovered:
D:1:      minmay_arrival_cross, layout_basic, basic_ecumenical_altar
D:2:      layout_loops_corners, serial_shops,
          nicolae_shop_temple_entry_statues_fountains, basic_altar
D:3:      layout_basic, eat_drink_and_be_merry_uskayaw, serial_bayou_pond_d
D:4:      layout_loops_cross, elyvilon_altar_5, serial_park_tiny_1,
          minmay_misc_feat_hallway, uniq_natasha
D:5:      layout_loops_ring, temple_hall, gammafunk_ghost_cemetery
D:6:      layout_gridville, fedhas_altar_4, bh_walls_and_bars, uniq_sigmund
D:7:      layout_loops_cross, minmay_overflow_temple_star_quad, serial_shops,
          kennysheep_mini_moat, nicolae_shop_unique_rings, uniq_menkaure,
          uniq_pikel, uniq_joseph
D:8:      layout_rooms, enter_bailey_5
D:9:      layout_loops_ring, yredelemnul_forgotten_temple_becter,
          minmay_orc_entry_temple_small
D:10:     layout_rooms, mainiacjoe_overflow_boulevard,
          grunt_lair_entry_orc_guard_hut
D:11:     layout_cave_pools, serial_rivers, chequers_serial_rivers_small_a,
          chequers_serial_rivers_large_b, chequers_serial_rivers_micro_a,
          chequers_serial_rivers_micro_e, gammafunk_ghost_cemetery
D:12:     layout_roguey, lightli_airlock
D:13:     layout_roguey, gammafunk_ghost_necromancy

Skill      XL: |  1  2  3  4  5  6  7  8  9 10 11 12 |
---------------+-------------------------------------+-----
Ranged Weapons | 6 7 8 9 11 13 15 17 18 | 18.5
Dodging        | 3 4 5 6 8 11 13 15 17 | 17.0
Fighting       | 5 |  5.1
Stealth        | |  1.3

Action                   |  1- 3 |  4- 6 |  7- 9 | 10-12 | 13-15 || total
-------------------------+-------+-------+-------+-------+-------++-------
Melee: Arbalest          |       |       |       |     1 |       ||     1
 Fire: Shortbow          |    69 |    70 |       |       |       ||   139
       Arbalest          |       |    35 |   124 |   331 |     4 ||   494
Invok: Ancestor Life: Kn |       |       |     1 |       |       ||     1
       Recall Ancestor   |       |       |       |     1 |       ||     1
Evoke: Wand              |       |       |       |       |     1 ||     1
  Use: Scroll            |       |     7 |     1 |     6 |       ||    14
       Potion            |       |     1 |     2 |     7 |     1 ||    11
Armor: Leather armour    |     5 |    16 |    20 |     2 |       ||    43
       Steam dragon scal |       |       |       |    14 |       ||    14
Dodge: Dodged            |    21 |    46 |    87 |   145 |     3 ||   302

Table legend: (Time is in decaauts)
 A = Elapsed time spent in this place.
 B = Non-inter-level travel time spent in this place.
 C = Inter-level travel time spent in this place.
 D = Time resting spent in this place.
 E = Time spent auto-exploring this place.
 F = Levels seen in this place.
 G = Mean time per level.
                   A        B        C        D        E       F      G
               +--------+--------+--------+--------+--------+-----+--------+
         Total |  13070 |  12632 |    438 |    233 |  10918 |  13 | 1005.4 |
       Dungeon |  13070 |  12632 |    438 |    233 |  10918 |  13 | 1005.4 |
               +--------+--------+--------+--------+--------+-----+--------+

Top non-repeatable levels by time:
    D:12: 1489 daAuts
     D:3: 1380 daAuts
     D:4: 1262 daAuts
     D:6: 1215 daAuts
     D:7: 1191 daAuts
     D:5: 1108 daAuts
     D:2: 1077 daAuts
     D:9: 1077 daAuts
     D:1: 936 daAuts
    D:10: 899 daAuts
     D:8: 739 daAuts
    D:13: 494 daAuts
    D:11: 197 daAuts
